 Dungeon Sprint DCSS version 0.28.0-53-g5a82cb258f (webtiles) character file.

Game seed: 6157020986833414488

11200 Zeld the Severer (level 11, -9/186 HPs)
             Began as a Minotaur Berserker on June 10, 2022.
             Was a High Priest of Trog.
             Killed by divine providence
             ... invoked by an orc high priest
              (13 damage)
             ... in the Dungeon (Sprint IX: "|||||||||||||||||||||||||||||").
             The game lasted 00:03:41 (3681 turns).

Zeld the Severer (Minotaur Berserker)               Turns: 3681, Time: 00:03:41

Health: -9/186     AC:  8    Str: 28    XL:     11   Next: 46%
Magic:  10/10      EV: 17    Int:  4    God:    Trog [*****.]
Gold:   1276       SH:  0    Dex: 11    Spells: 10/10 levels left

rFire   . . .      SeeInvis .   a - +2 executioner's axe (vorpal)
rCold   . . .      Faith    .   (shield currently unavailable)
rNeg    + . .      Spirit   .   b - +0 animal skin
rPois   +          Reflect  .   (helmet restricted)
rElec   .          Harm     .   q - +0 cloak
rCorr   .          Rampage  .   k - +0 pair of gloves
Will    .....      NoTele   +   r - +0 pair of boots
Stlth   ..........              (no amulet)
HPRegen 0.41/turn               l - +3 ring of strength
MPRegen 0.12/turn               n - ring "Fiuhuitu" {+Blink rPois rN+ Will-}

@: berserking (expiring), very quick
A: horns 2, retaliatory headbutt
a: Renounce Religion, Evoke Blink, Berserk, Trog's Hand, Brothers in Arms


You were in the Dungeon.
You worshipped Trog.
Trog was extremely pleased with you.
You visited 1 branch You collected 1276 gold pieces.

Inventory:

Hand Weapons
 a - a +2 vorpal executioner's axe (weapon)
Armour
 b - a +0 animal skin (worn)
 k - a +0 pair of gloves (worn)
 q - a +0 cloak (worn)
 r - a +0 pair of boots (worn)
Jewellery
 l - a +3 ring of strength (left hand)
 n - the ring "Fiuhuitu" (right hand) {+Blink rPois rN+ Will-}
   (You found it in the Dungeon)

   [ring of positive energy]

   rPois:     It protects you from poison.
   rN:        It protects you from negative energy.
   +Blink:    It lets you blink.
   Will:      It decreases your willpower.
Wands
 j - a wand of iceblast (10)
Scrolls
 h - 2 scrolls of blinking
 o - a scroll of fear
 p - 4 scrolls of identify
 s - 2 scrolls of enchant armour
Potions
 c - 5 potions of curing
 d - 7 potions of heal wounds
 e - a potion of haste
 f - 4 potions of magic
 g - a potion of berserk rage
 i - 2 potions of invisibility
 m - 2 potions of mutation


   Skills:
 * Level 19.8 Fighting
 * Level 19.8 Axes
 + Level 14.3 Armour
 + Level 13.2 Dodging


You had 10 spell levels left.
You didn't know any spells.
Your spell library was empty.

Dungeon Overview and Level Annotations

Branches:
Dungeon (1/1)

Altars:
Cheibriados
Dithmenos
Elyvilon
Fedhas
Gozag
Hepliaklqana
Kikubaaqudgha
Makhleb
Nemelex Xobeh
Okawaru
Qazlal
Ru
Sif Muna
Trog
Uskayaw
Vehumet
Wu Jian
Xom
Yredelemnul
Zin
The Shining One
Beogh
Jiyva
Lugonu

Shops:
D !


Innate Abilities, Weirdness & Mutations

You have a pair of horns on your head.
You reflexively headbutt those who attack you in melee.


Message History

You are too injured to fight recklessly!
You slice the orc knight!!
You headbutt the orc knight, but do no damage.
The orc knight is severely wounded.
Unknown command.
You hit the orc knight. Your headbutt misses the orc knight.
The orc knight is severely wounded.
The orc knight hits you with a +1 great sword!!!
* * * LOW HITPOINT WARNING * * *
You completely miss the orc knight.
The orc knight is severely wounded.
The orc knight hits you with a +1 great sword!!!
* * * LOW HITPOINT WARNING * * *
The orc high priest mumbles some strange prayers to Beogh.
You slash the orc knight! Your headbutt misses the orc knight.
The orc knight is almost dead.
Unknown command.
You barely miss the orc knight. Your headbutt misses the orc knight.
The orc knight is almost dead.
The orc high priest prays.
The orc knight completely misses you.
The orc high priest mumbles some strange prayers to Beogh.
You slash the orc knight!
You feel the power of Trog in you as your rage grows.
You kill the orc knight!
Trog accepts your kill.
The hellwing swoops through the air toward you!
The hellwing misses you.
The hellwing hits you but does no damage.
Unknown command.
You slice the hellwing like a ripe choko!!!
You kill the hellwing!
The hellwing disappears in a puff of smoke!
Unknown command.
Okay, then.
The orc knight no longer looks unusually strong.
The orc high priest prays to Beogh.
The orc high priest mumbles some strange prayers to Beogh against you.
Beogh smites you!
You die...

▓.▓)▓.▓.▓.▓
▓4▓.▓.▓.▓[▓
▓o▓.▓.▓.▓)▓
▓o▓.▓.▓.▓)▓
▓o▓.▓.▓.▓?▓
▓4▓.▓†▓.▓.▓
▓o▓.▓'▓.▓'▓
▓)▓.▓.▓.▓_▓
▓@▓.▓.▓.▓_▓
▓§▓.▓)▓.▓_▓
▓.▓.▓.▓.▓_▓
▓.▓.▓.▓.▓_▓
▓.▓.▓.▓.▓_▓
▓.▓.▓.▓.▓_▓
▓.▓.▓.▓.▓_▓
▓.▓.▓.▓.▓_▓
▓)▓.▓'▓.▓_▓


You could see 2 orc knights, 2 orc high priests, a hellwing (summoned) and a red
devil (summoned).

Vanquished Creatures
  A stone giant (D)
  A centaur warrior (D)
  A death yak (D)
  An orc high priest (D)
  2 orc knights (D)
  An oklob plant (D)
  An orc sorcerer (D)
  A black mamba (D)
  5 cane toads (D)
  A rime drake (D)
  A rime drake (shapeshifter) (D)
  A komodo dragon (D)
  A troll (D)
  3 tyrant leeches (D)
  Grum (D)
  A wraith (D)
  2 yaks (D)
  A vampire mosquito (D)
  2 basilisks (D)
  An acid dragon (D)
  4 water moccasins (D)
  An ice beast (D)
  6 orc warriors (D)
  2 wolves (D)
  6 bullfrogs (D)
  A gnoll sergeant (D)
  A howler monkey (D)
  3 orc priests (D)
  An iguana (D)
  4 orc wizards (D)
  A dart slug (D)
  6 orcs (D)
  2 bat skeletons (D)
  A bat zombie (D)
  An endoplasm (D)
  A ball python (D)
  A frilled lizard (D)
  A kobold (D)
72 creatures vanquished.

Vanquished Creatures (collateral kills)
  An orc knight (D)
  3 orc warriors (D)
  3 orcs (D)
7 creatures vanquished.

Grand Total: 79 creatures vanquished

Notes
Turn   | Place    | Note
-------+----------+-------------------------------------------
     0 | D        | Zeld the Minotaur Berserker began the quest for the Orb.
     0 | D        | Reached XP level 1. HP: 19/19 MP: 0/0
    11 | D        | Reached ** piety under Trog
   418 | D        | Noticed a water moccasin
   418 | D        | Noticed an ice beast
   418 | D        | Noticed an iguana
   421 | D        | Killed an iguana
   422 | D        | Reached skill level 5 in Fighting
   422 | D        | Reached skill level 5 in Axes
   422 | D        | Reached XP level 2. HP: 29/29 MP: 1/1
   422 | D        | Reached XP level 3. HP: 36/36 MP: 2/2
   429 | D        | Killed an ice beast
   429 | D        | Reached *** piety under Trog
   430 | D        | Reached skill level 5 in Armour
   430 | D        | Reached XP level 4. HP: 25/47 MP: 3/3
   431 | D        | Killed a water moccasin
   432 | D        | Reached skill level 5 in Dodging
   432 | D        | Reached XP level 5. HP: 20/56 MP: 4/4
   750 | D        | Found a snail-covered altar of Cheibriados.
   750 | D        | Found a shadowy altar of Dithmenos.
   750 | D        | Found a white marble altar of Elyvilon.
   750 | D        | Found a blossoming altar of Fedhas.
   750 | D        | Found an opulent altar of Gozag.
   751 | D        | Found a hazy altar of Hepliaklqana.
   752 | D        | Found a viscous altar of Jiyva.
   753 | D        | Found an ancient bone altar of Kikubaaqudgha.
   754 | D        | Found a corrupted altar of Lugonu.
   755 | D        | Found a burning altar of Makhleb.
   756 | D        | Found a sparkling altar of Nemelex Xobeh.
   757 | D        | Found an iron altar of Okawaru.
   758 | D        | Found a stormy altar of Qazlal.
   759 | D        | Found a sacrificial altar of Ru.
   760 | D        | Found a shimmering blue altar of Sif Muna.
   761 | D        | Found a bloodstained altar of Trog.
   762 | D        | Found a hide-covered altar of Uskayaw.
   763 | D        | Found a radiant altar of Vehumet.
   764 | D        | Found an ornate altar of the Wu Jian Council.
   765 | D        | Found a shimmering altar of Xom.
   766 | D        | Found a basalt altar of Yredelemnul.
   767 | D        | Found a glowing silver altar of Zin.
   768 | D        | Found a glowing golden altar of the Shining One.
   807 | D        | Noticed a wraith
   807 | D        | Noticed a yak
   814 | D        | Reached **** piety under Trog
   815 | D        | Reached XP level 6. HP: 64/64 MP: 5/5
   817 | D        | Killed a yak
   818 | D        | Reached skill level 10 in Fighting
   818 | D        | Reached skill level 10 in Axes
   823 | D        | Killed a wraith
   823 | D        | Reached ***** piety under Trog
   824 | D        | Reached XP level 7. HP: 74/74 MP: 6/6
  1058 | D        | Noticed a rime drake
  1058 | D        | Noticed a centaur warrior
  1058 | D        | Noticed a troll
  1062 | D        | Killed a troll
  1066 | D        | Killed a centaur warrior
  1067 | D        | Reached XP level 8. HP: 68/86 MP: 7/7
  1067 | D        | Killed a rime drake
  1074 | D        | Received a gift from Trog
  1075 | D        | Reached skill level 10 in Armour
  1344 | D        | Got the ring "Fiuhuitu" {+Blink rPois rN+ Will-}
  1359 | D        | Noticed a cane toad
  1359 | D        | Noticed a black mamba
  1359 | D        | Noticed a komodo dragon
  1361 | D        | Killed a komodo dragon
  1362 | D        | Reached XP level 9. HP: 96/96 MP: 8/8
  1365 | D        | Noticed a cane toad
  1366 | D        | Noticed a cane toad
  1370 | D        | Reached skill level 15 in Axes
  1373 | D        | Killed a black mamba
  1374 | D        | Reached skill level 15 in Fighting
  1374 | D        | Reached skill level 10 in Dodging
  1375 | D        | Killed a cane toad
  1381 | D        | Killed a cane toad
  1381 | D        | Identified the +7 morningstar "Tetete" {vorpal, rF- rCorr
                  | SInv} (Trog gifted it to you in the Dungeon)
  1381 | D        | Received a gift from Trog
  1383 | D        | Killed a cane toad
  1740 | D        | Noticed an oklob plant
  1740 | D        | Noticed a cane toad
  1740 | D        | Noticed a rime drake
  1747 | D        | Killed a rime drake
  1748 | D        | Reached XP level 10. HP: 106/108 MP: 9/9
  1750 | D        | Killed a cane toad
  1750 | D        | Reached ****** piety under Trog
  1896 | D        | Noticed a death yak
  2074 | D        | Killed an oklob plant
  2115 | D        | Killed a death yak
  2283 | D        | Noticed a cane toad
  2305 | D        | Received a gift from Trog
  2583 | D        | Killed a cane toad
  2764 | D        | Received a gift from Trog
  2907 | D        | Noticed Grum
  2911 | D        | Killed Grum
  2939 | D        | Noticed a stone giant
  2950 | D        | Killed a stone giant
  2951 | D        | Reached XP level 11. HP: 46/121 MP: 10/10
  2953 | D        | Received a gift from Trog
  2955 | D        | Noticed an orc knight
  3001 | D        | Killed an orc knight
  3325 | D        | Noticed an orc sorcerer
  3338 | D        | Received a gift from Trog
  3341 | D        | Killed an orc sorcerer
  3568 | D        | Received a gift from Trog
  3660 | D        | Found Qaakled's Distillery.
  3660 | D        | Noticed an orc high priest
  3660 | D        | Noticed an orc knight
  3660 | D        | Noticed an orc knight
  3660 | D        | Noticed an orc knight
  3660 | D        | Noticed an orc high priest
  3661 | D        | Noticed an orc high priest
  3663 | D        | Killed an orc high priest
  3666 | D        | Noticed an orc knight
  3669 | D        | Killed an orc knight
  3676 | D        | HP: 3/186 [orc knight/+1 great sword (36)]
  3679 | D        | Killed an orc knight
  3681 | D        | Killed from afar by an orc high priest

Illustrated notes

Levels and vault maps discovered:
D:        linesprint [early_d, line_temple, items_1, d_10, items_2, lair_1,
          lair_end, items_3, orc_1, orc_end, items_4, d_15, swamp_1, shoals_1,
          snake_1, spider_1, d_20, vaults_1, items_5, swamp_end, shoals_end,
          snake_end, spider_end, vaults_end, d_27, items_6, zot_1, zot_end,
          crypt_end, forest_end, elf_end, slime_end, tomb_end, abyss_end,
          pan_hell_end]

Skill      XL: |  1  2  3  4  5  6  7  8  9 10 11 |
---------------+----------------------------------+-----
Fighting       | 5 7 8 9 11 13 14 16 18 19 | 19.8
Axes           | 5 7 9 11 13 14 16 18 19 | 19.8
Armour         | 3 5 6 7 9 10 11 13 14 | 14.3
Dodging        | 3 4 5 6 7 8 9 10 12 13 | 13.2

Action                   |  1- 3 |  4- 6 |  7- 9 | 10-12 || total
-------------------------+-------+-------+-------+-------++-------
Melee: Hand axe          |    22 |     6 |       |       ||    28
       Headbutt          |     4 |     2 |     4 |    20 ||    30
       Broad axe         |       |    14 |    14 |       ||    28
       Battleaxe         |       |       |    26 |    42 ||    68
       Executioner's axe |       |       |       |    84 ||    84
Invok: Berserk           |     1 |     1 |     2 |     3 ||     7
       Trog's Hand       |       |       |       |     2 ||     2
       Brothers in Arms  |       |       |       |     3 ||     3
Armor: Animal skin       |     2 |     3 |     4 |    17 ||    26
Dodge: Dodged            |     7 |     6 |    21 |    46 ||    80
